 Dungeon Sprint DCSS version 0.21-a0-91-ga5031da (webtiles) character file.

14 Kidiri the Ruffian (level 2, 0/24 HPs)
             Began as a Draconian Transmuter on June 28, 2017.
             Was a Follower of Wu Jian.
             Slain by a fire bat (5 damage)
             ... in the Dungeon (Sprint VII: "The Pits").
             The game lasted 00:01:43 (391 turns).

Kidiri the Ruffian (Draconian Transmuter)            Turns: 391, Time: 00:01:44

Health: 0/24       AC:  4    Str: 12    XL:     2   Next: 31%
Magic:  4/5        EV: 13    Int: 13    God:    Wu Jian [*.....]
Gold:   0          SH:  0    Dex: 11    Spells: 2/5 levels left

rFire    . . .     SeeInvis .     - Unarmed
rCold    . . .     Gourm    .   (no shield)
rNeg     . . .     Faith    .   (armour unavailable)
rPois    .         Spirit   .   (helmet restricted)
rElec    .         Reflect  .   (no cloak)
rCorr    .         Harm     .   (no gloves)
MR       .....     NoTele   +   (no boots)
Stlth    +.........             (no amulet)
HPRegen  0.08/turn              (no ring)
MPRegen  0.09/turn              (no ring)

@: appendage
A: unfitting armour, horns 2, cold-blooded, AC +4
a: End Transformation, Renounce Religion


You were in the Dungeon.
You worshipped Wu Jian.
Wu Jian was aware of your devotion.
You were not hungry.
You had grown temporary horns.
You visited 1 branch

Inventory:

Missiles
 a - 12 arrows
Scrolls
 i - a scroll of blinking
 l - 3 scrolls of remove curse
 m - 5 scrolls of amnesia
 n - a scroll of summoning
Potions
 d - a potion of curing
 e - a potion of heal wounds
 f - a potion of haste
 g - 4 potions of magic
 h - 3 potions of berserk rage
 k - 2 potions of invisibility
Books
 b - a book of Changes

   Spells                             Type                      Level
   a - Beastly Appendage              Transmutation                1
   b - Sticks to Snakes               Transmutation                2
   c - Spider Form                    Transmutation/Poison         3
   d - Ice Form                       Ice/Transmutation            4
   e - Blade Hands                    Transmutation                5
Comestibles
 c - 8 bread rations
 j - a chunk of flesh
 o - 40 fruits
 p - 7 meat rations


   Skills:
 + Level 1.7 Fighting
 * Level 3.1 Dodging
 + Level 0.8 Stealth
 * Level 3.6 Unarmed Combat
 + Level 2.2 Spellcasting
 * Level 2.9 Transmutations


You had 2 spell levels left.
You knew the following spells:

 Your Spells              Type           Power        Failure   Level  Hunger
a - Beastly Appendage     Tmut           #.....       8%          1    ##.....
b - Sticks to Snakes      Tmut           #.......     11%         2    ###....


Dungeon Overview and Level Annotations

Branches:
Dungeon (1/1)

Altars:
Ashenzari
Cheibriados
Dithmenos
Elyvilon
Fedhas
Gozag
Hepliaklqana
Kikubaaqudgha
Makhleb
Nemelex Xobeh
Okawaru
Qazlal
Ru
Sif Muna
Trog
Uskayaw
Vehumet
Wu Jian
Xom
Yredelemnul
Zin
The Shining One
Beogh
Jiyva
Lugonu


Innate Abilities, Weirdness & Mutations

Your plain brown scales are hard. (AC +4)
You cannot fit into any form of body armour.
You are cold-blooded and may be slowed by cold attacks.
You have a pair of horns on your head.


Message History

You grow a pair of large bovine horns.
Unknown command.
You open the door.
A kobold and a skeleton come into view.
The kobold shouts!
There is an open door here.
A fire bat and a hobgoblin come into view.
The fire bat bites you.
You are engulfed in flames.
Unknown command.
The fire bat bites you but does no damage.
There is an open door here.
The fire bat bites you.
You are engulfed in flames.
Unknown command.
The fire bat completely misses you.
There is an open door here.
Unknown command.
The fire bat bites you.
* * * LOW HITPOINT WARNING * * *
You are engulfed in flames.
You die...

#.?(.+)))+.##......#.
##########.##........
#..........รท'........
#+#####'#####......#.
#..#..# #........
#..').# ####+####
#..#### #.......#
#..#.g# #.......#
#.@#..# #.......#
##b#..#+###...<...#
#........##.......#
#...Z....##.......#
###########.......#
#########


You could see a fire bat and an adder skeleton.

Vanquished Creatures
  An adder skeleton (D)
  2 hobgoblins (D)
  5 jackals (D)
  A quokka (D)
9 creatures vanquished.

Notes
Turn   | Place    | Note
-------+----------+-------------------------------------------
     0 | D        | Kidiri the Draconian Transmuter began the quest for the Orb.
     0 | D        | Reached XP level 1. HP: 16/16 MP: 3/3
    63 | D        | Found a bloodstained altar of Trog.
    63 | D        | Found a deep blue altar of Sif Muna.
    63 | D        | Found a viscous altar of Jiyva.
    63 | D        | Found a hazy altar of Hepliaklqana.
    63 | D        | Found an opulent altar of Gozag.
    64 | D        | Found a glowing golden altar of the Shining One.
    64 | D        | Found a glowing silver altar of Zin.
    64 | D        | Found a basalt altar of Yredelemnul.
    64 | D        | Found a shimmering altar of Xom.
    64 | D        | Found an ornate altar of the Wu Jian Council.
    64 | D        | Found a sacrificial altar of Ru.
    64 | D        | Found a stormy altar of Qazlal.
    64 | D        | Found an iron altar of Okawaru.
    64 | D        | Found a sparkling altar of Nemelex Xobeh.
    64 | D        | Found a burning altar of Makhleb.
    64 | D        | Found a blossoming altar of Fedhas.
    64 | D        | Found a white marble altar of Elyvilon.
    64 | D        | Found a shadowy altar of Dithmenos.
    64 | D        | Found a snail-covered altar of Cheibriados.
    66 | D        | Found a radiant altar of Vehumet.
    66 | D        | Found a corrupted altar of Lugonu.
    66 | D        | Found a roughly hewn altar of Beogh.
    67 | D        | Found a hide-covered altar of Uskayaw.
    67 | D        | Found an ancient bone altar of Kikubaaqudgha.
    67 | D        | Found a shattered altar of Ashenzari.
    73 | D        | Became a worshipper of the Wu Jian Council
   133 | D        | Reached * piety under Wu Jian
   133 | D        | Reached XP level 2. HP: 20/23 MP: 3/5
   137 | D        | Learned a level 2 spell: Sticks to Snakes
   186 | D        | Reached ** piety under Wu Jian
   387 | D        | Noticed a fire bat
   391 | D        | Slain by a fire bat

Vault maps used:
D:        pitsprint

Skill      XL: |  1  2 |
---------------+-------+-----
Dodging        | 2 3 |  3.1
Fighting       | |  1.7
Stealth        | |  0.8
Unarmed Combat | |  3.6
Spellcasting   | |  2.2
Transmutations | |  2.9

Action                   || total
-------------------------++-------
Melee: Unarmed           ||    40
       Tailslap          ||     4
       Kick              ||     1
       Headbutt          ||     2
 Cast: Beastly Appendage ||     4
Armor: Skin              ||    10
Dodge: Dodged            ||    26
